 Dungeon Crawl Stone Soup version 0.32-a0-314-g526f7d4993 (webtiles) character file.

Game seed: 2145746111681773363

610 Ceno the Insei (level 7, -2/47 HPs)
             Began as an Octopode Shapeshifter on Feb 15, 2024.
             Slain by an orc wizard
             ... wielding a +0 dagger
              (3 damage)
             ... on level 4 of the Dungeon.
             The game lasted 00:09:13 (4170 turns).

Ceno the Insei (Octopode Shapeshifter)              Turns: 4170, Time: 00:09:14

Health: -2/47      AC:  1    Str: 13    XL:     7   Next: 43%
Magic:  16/16      EV: 14    Int: 12    God:
Gold:   276        SH:  0    Dex: 14    Spells: 6/6 levels left

rFire   . .          .
                       - Unarmed
rCold   . . .        (no shield)
rNeg    . . .        (helmet currently unavailable)
rPois   .            (no amulet)
rElec   .            e - ring of willpower
rCorr   .            j - ring of magical power
SInv    .            n - ring of flight
Will    +....        (no ring)
Stlth   ++           (no ring)
HPRegen 0.27/turn    (no ring)
MPRegen 0.15/turn    (no ring)
                     (no ring)

%: no passive effects
@: beast-form, flying
A: beast (slay +2), almost no armour, amphibious, 8 rings, camouflage 1,
gelatinous body 1, (nimble swimmer 1), tentacles
a: Begin Untransformation


You were on level 4 of the Dungeon.
You were a hulking beast.
You visited 1 branch of the dungeon, and saw 5 of its levels.

You collected 276 gold pieces.

Inventory:

Missiles
 g - 13 stones (quivered)
Jewellery
 e - a ring of willpower (left tentacle)
 j - a ring of magical power (right tentacle)
 n - a ring of flight (on tentacle)
Talismans
 b - a beast talisman (active)
 c - a flux talisman
Wands
 w - a wand of digging (4)
Scrolls
 h - a scroll of fear {unknown}
 i - a scroll of noise {unknown}
 k - a scroll of blinking {unknown}
 l - 2 scrolls of torment
 p - a scroll of summoning {unknown}
 q - a scroll of poison {unknown}
 r - a scroll of teleportation {unknown}
 t - a scroll of identify {unknown}
 u - a scroll of revelation {unknown}
 x - a scroll of amnesia {unknown}
 y - a scroll of immolation {unknown}
Potions
 a - a potion of lignification
 d - a potion of brilliance {unknown}
 f - 4 potions of curing {unknown}
 m - 4 potions of heal wounds {unknown}
 o - a potion of haste {unknown}
 s - a potion of mutation {unknown}
 v - a potion of magic {unknown}


   Skills:
 + Level 3.9 Fighting
 + Level 4.3 Dodging
 + Level 4.8 Unarmed Combat
 + Level 4.6 Shapeshifting


You had 6 spell levels left.
You didn't know any spells.
Your spell library contained the following spells:

 Spells                   Type           Power      Damage    Failure   Level
 Summon Blazeheart Golem  Fire/Summ      0%         N/A       97%         4
 Orb of Destruction       Conj           0%         9d5       100%        7
 Spellforged Servitor     Conj/Summ      0%         N/A       100%        7


Dungeon Overview and Level Annotations

Branches:
Dungeon (5/15)
 Temple: D:4-7

Altars:

Shops:
D:3 (   D:4 ?

Annotations:
D:3 1 runed translucent door, Dittersdorf's ghost, amateur GrFi
D:4 2 transporters
D:5 exclusion: ogre


Innate Abilities, Weirdness & Mutations

You are a hulking beast.
Your limbs bulge with bestial killing power. (Slay +2)
You cannot wear most types of armour.
You are amphibious.
You can wear up to eight rings at the same time.
Your skin changes colour to match your surroundings (Stealth+).
Your rubbery body absorbs attacks. (AC +1, EV +1)
((You are camouflaged when in or above water. (Stealth+)))
You have tentacles for arms and can constrict up to eight enemies at once.


Message History

You miss something. Something hits you.
You miss something. Your squeeze misses something.
You hear some strange, mumbled words.
Something tries to affect you, but you resist.
You closely miss something. Something hits you.
You closely miss something.
You hear some strange, mumbled words.
A magic dart appears from out of thin air!
The magic dart hits you!
You barely miss something. You bludgeon something!
Your squeeze misses something.
You hear some strange, mumbled words.
A magic dart appears from out of thin air!
The magic dart hits you!
You barely miss something. Your squeeze misses something.
You hear some strange, mumbled words.
A magic dart appears from out of thin air!
The magic dart hits you.
You closely miss something. Something hits you but does no damage.
You closely miss something. Something hits you.
You completely miss something. Your squeeze misses something.
Something hits you.
You tentacle-slap something. Something hits you.
* * * LOW HITPOINT WARNING * * *
You closely miss something. Your squeeze misses something.
Something barely misses you.
You barely miss something. Something hits you.
* * * LOW HITPOINT WARNING * * *
You tentacle-slap something but do no damage.
Something barely misses you.
You tentacle-slap something. Your squeeze misses something.
You hear some strange, mumbled words.
A magic dart appears from out of thin air!
The magic dart hits you!
* * * LOW HITPOINT WARNING * * *
You miss something.
Your tentacle-slap misses something.
You closely miss something. Your squeeze misses something. Something hits you.
* * * LOW HITPOINT WARNING * * *
You miss something. Something hits you.
You die...

...............##............##.#
............#..##..........>###.#
.#####.....##...#.....#####)# #.#
..###.....####..##....#####'###+#
...#)....##..#...#....##.........
.ß.#.ß..##...##..#...............
...#...#.#....#..#...............
..###....#....##{#.......[.......
.#####..##.....#h#...............
.......#######.###..#####.#......
.......# #....).#...#.#......
.#....#### #......#.#.#.#......
.........# #####..#.#∩#.#......
..###..#.# ##.#.###.#.###.#
©......#.# #..#.....#.# #.#
#####..#.# #..#######.# #.#
©$Pß#..#.# ##..........# #.#


There were no monsters in sight!

Vanquished Creatures
  Blork the orc (D:4)
  A bullfrog (D:4)
  A scorpion (D:4)
  A bombardier beetle (D:4)
  A jelly (D:3)
  2 orc priests
  An iguana (D:4)
  An orc wizard (D:4)
  Robin (D:2)
  A gnoll (D:4)
  4 adders
  5 dart slugs
  12 orcs
  6 endoplasms
  5 giant cockroaches
  10 goblins
  11 hobgoblins
  3 jackals (D:2)
  5 quokkas
  4 ball pythons
  6 bats
  3 frilled lizards
  8 kobolds
  8 rats
101 creatures vanquished.

Notes
Turn   | Place    | Note
-------+----------+-------------------------------------------
     0 | D:1      | Ceno the Octopode Shapeshifter began the quest for the Orb.
     0 | D:1      | Reached XP level 1. HP: 13/13 MP: 1/1
    36 | D:1      | Reached XP level 2. HP: 14/18 MP: 2/2
   255 | D:1      | Reached XP level 3. HP: 19/23 MP: 3/3
   933 | D:2      | Noticed Robin
   951 | D:2      | Reached XP level 4. HP: 15/29 MP: 4/4
  1013 | D:2      | Killed Robin
  1391 | D:2      | Identified the +5 ring mail of Beogh's Favour {rF+}
  1487 | D:2      | Identified the +12 spear of Untruth {speed, rPois rF+}
  1509 | D:2      | Reached XP level 5. HP: 35/35 MP: 5/5
  2263 | D:3      | Found Hudiaz's Antique Weapon Boutique.
  2335 | D:3      | Reached XP level 6. HP: 40/41 MP: 6/6
  2366 | D:3      | Found a runed translucent door.
  2368 | D:3      | Noticed Dittersdorf's ghost (amateur GrFi)
  2563 | D:3      | Identified the +11 whip "Demonbane" {freeze, rCorr Str-3
                  | Int+4}
  2842 | D:4      | Found a transporter.
  2844 | D:4      | Noticed a kobold demonologist
  3119 | D:4      | Found a transporter.
  3267 | D:4      | Reached XP level 7. HP: 46/46 MP: 7/7
  3506 | D:4      | Noticed Blork the orc
  3690 | D:4      | Found Votau's Magic Scroll Shop.
  3781 | D:4      | Killed Blork the orc
  3908 | D:5      | Entered Level 5 of the Dungeon
  4167 | D:4      | HP: 1/47 [something/magic dart (9)]
  4170 | D:4      | Slain by an orc wizard

Illustrated notes

Levels and vault maps discovered:
D:1:      minmay_arrival_arboretum_small, layout_basic
D:2:      layout_basic, minmay_3d_cube, uniq_robin
D:3:      kb_forest_paths, layout_rooms, serial_shops, shop,
          ebering_ghost_sewer_d, glass_columns_a
D:4:      gammafunk_wand_slinger, layout_basic, serial_shops,
          nicolae_shop_rolled_up, mrwooster_statue_mirror,
          grunt_decor_mini_mirrors, minmay_misc_feat_secret_circle,
          minmay_crossroads, uniq_blork_the_orc
D:5:      layout_gridville, minmay_temple_entry_enclosed_plants,
          enter_ossuary_5, nicolae_concentric_dashed_squares_mild,
          kennysheep_big_empty_room

Skill      XL: |  1  2  3  4  5  6  7 |
---------------+----------------------+-----
Fighting       | 2 3 |  3.9
Dodging        | 3 4 |  4.3
Unarmed Combat | 4 |  4.8
Shapeshifting  | 4 |  4.6

Action                     |  1- 3 |  4- 6 |  7- 9 || total
---------------------------+-------+-------+-------++-------
  Melee: Unarmed           |    39 |   107 |    57 ||   203
         Constrict         |    11 |    30 |     8 ||    49
         Tentacles         |     7 |    22 |     7 ||    36
         Punch             |     3 |     9 |       ||    12
  Throw: Stone             |     4 |    11 |     1 ||    16
    Use: Scroll            |       |     1 |       ||     1
   Stab: Sleeping          |     3 |     4 |     1 ||     8
 Armour: Skin              |    11 |    26 |    29 ||    66
  Dodge: Dodged            |     9 |    47 |    22 ||    78

Table legend: (Time is in decaauts)
 A = Elapsed time spent in this place.
 B = Non-inter-level travel time spent in this place.
 C = Inter-level travel time spent in this place.
 D = Time resting spent in this place.
 E = Time spent auto-exploring this place.
 F = Levels seen in this place.
 G = Mean time per level.
                   A        B        C        D        E       F      G
               +--------+--------+--------+--------+--------+-----+--------+
         Total |   4157 |   3935 |    222 |    329 |   2524 |   5 |  831.4 |
       Dungeon |   4157 |   3935 |    222 |    329 |   2524 |   5 |  831.4 |
               +--------+--------+--------+--------+--------+-----+--------+

Top non-repeatable levels by time:
     D:4: 1312 daAuts
     D:2: 1132 daAuts
     D:3: 901 daAuts
     D:1: 754 daAuts
     D:5: 57 daAuts
